 Dungeon Crawl Stone Soup version 0.25.0-10-g039870ee82 (webtiles) character file.

Game seed: 5610708645237807559

1880 Lauz the Thaumaturge (level 8, -1/41 HPs)
             Began as a Deep Elf Fire Elementalist on June 23, 2020.
             Was a Believer of Sif Muna.
             Killed from afar by Harold (13 damage)
             ... with a harpoon shot
             ... on level 7 of the Dungeon.
             The game lasted 00:30:29 (8453 turns).

Lauz the Thaumaturge (Deep Elf Fire Elementalist)   Turns: 8453, Time: 00:30:30

Health: -1/41      AC:  3    Str:  9    XL:     8   Next: 91%
Magic:  21/24      EV: 13    Int: 23    God:    Sif Muna [**....]
Gold:   260        SH:  0    Dex: 15    Spells: 18/27 levels left

rFire    . . .     SeeInvis .   u - +10 falchion "Ynumom" {vamp, rC+++ Str+4}
rCold    + + +     Gourm    .   (no shield)
rNeg     . . .     Faith    .   a - +0 robe
rPois    .         Spirit   .   (no helmet)
rElec    .         Reflect  .   (no cloak)
rCorr    +         Harm     .   w - +0 pair of gloves
MR       .....                  (no boots)
Stlth    ++........             (no amulet)
HPRegen  0.13/turn              m - ring of resist corrosion
MPRegen  0.19/turn              (no ring)

@: marked, studying Evocations
A: no striking features
a: Channel Magic, Renounce Religion


You were on level 7 of the Dungeon.
You worshipped Sif Muna.
Sif Muna was pleased with you.
You were hungry.

You visited 2 branches of the dungeon, and saw 8 of its levels.

You collected 260 gold pieces.

Inventory:

Hand Weapons
 k - a +1 short sword
 p - a +2 dagger of distortion
 u - the +10 falchion "Ynumom" (weapon) {vamp, rC+++ Str+4}
   (You found it on level 4 of the Dungeon)

   It inflicts no extra harm, but heals its wielder when it wounds a living foe.
   It affects your strength (+4).
   It renders you almost immune to cold.
Armour
 a - a +0 robe (worn)
 w - a +0 pair of gloves (worn)
 y - a +0 pair of boots
Jewellery
 m - a ring of resist corrosion (left hand)
Wands
 B - a wand of acid (5)
 C - a wand of paralysis (10)
Scrolls
 f - a scroll of immolation
 g - 7 scrolls of remove curse
 i - 4 scrolls of identify
 j - 3 scrolls of noise {unknown}
 n - 2 scrolls of enchant weapon
 q - 2 scrolls of magic mapping {unknown}
 r - 2 scrolls of blinking {unknown}
 s - a scroll of amnesia
 z - a scroll of random uselessness {unknown}
 A - 2 scrolls of teleportation {unknown}
 E - 3 scrolls of brand weapon {unknown}
 F - a scroll of enchant armour {unknown}
Potions
 b - 4 potions of curing {unknown}
 d - 5 potions of might
 e - 3 potions of invisibility {unknown}
 h - a potion of haste {unknown}
 l - 4 potions of heal wounds {unknown}
 o - a potion of stabbing {unknown}
 t - a potion of degeneration {unknown}
 x - 2 potions of flight {unknown}
 D - a potion of brilliance {unknown}
 H - a potion of cancellation {unknown}
Books
 v - a manual of Evocations
Comestibles
 c - 22 rations


   Skills:
 - Level 0.2 Long Blades
 - Level 2.6 Dodging
 - Level 2.7 Stealth
 + Level 10.0 Spellcasting
 + Level 6.1 Conjurations
 + Level 2.4 Necromancy
 + Level 7.6 Fire Magic
 + Level 0.1 Evocations


You had 18 spell levels left.
You knew the following spells:

 Your Spells              Type           Power        Failure   Level  Hunger
a - Foxfire               Conj/Fire      ####         1%          1    None
b - Animate Skeleton      Necr           N/A          1%          1    None
c - Sticky Flame          Conj/Fire      #####...     3%          4    #......
d - Conjure Flame         Conj/Fire      #####...     1%          3    None

Your spell library contained the following spells:

 Spells                   Type           Power        Failure   Level  Hunger
 Inner Flame              Hex/Fire       ####....     3%          3    None
 Apportation              Tloc           ##....       5%          1    None
 Corona                   Hex            ##.....      5%          1    None
 Summon Small Mammal      Summ           ##..         5%          1    None
 Fireball                 Conj/Fire      #####.....   9%          5    ####...


Dungeon Overview and Level Annotations

Branches:
Dungeon (7/15)             Temple (1/1) D:6

Altars:
Ashenzari
Elyvilon
Fedhas
Gozag
Kikubaaqudgha
Makhleb
Nemelex Xobeh
Okawaru
Qazlal
Ru
Sif Muna
Uskayaw
Vehumet
Wu Jian
Zin
The Shining One

Shops:
D:5 !

Annotations:
D:7 Harold


Message History

You are yanked forward by the harpoon shot.
The foxfire hits Harold.
Harold is moderately wounded.
Harold hits you with a +0 short sword. Harold gestures at you while chanting.
The mark upon you grows brighter. Harold fires a harpoon shot at you.
The harpoon shot hits you!
You are yanked forward by the harpoon shot.
Harold gestures at you while chanting. The mark upon you grows brighter.
Harold points at you and mumbles some strange words.
The mark upon you grows brighter. Harold fires a harpoon shot at you.
The harpoon shot hits you!
* * * LOW HITPOINT WARNING * * *
You are yanked forward by the harpoon shot.
Harold fires a harpoon shot at you. The harpoon shot hits you!
You die...

#.....# ..##.#...## ##.#
#.....# #.##.#..#.###..#
##.#.### ..##.#.....#...#
#..#.## #.##.##.###.####
###...#######.##.##.# ###
#.....@.....#.##.##.#
###...#####.#<##.##.#
##.######.#.##.##.#
#.#....@.@........########
##.#......(.##............
###.####.################
#.# #.# #.# #.# ##### #.#
#.# #.... #.# #.# #..H.
#.# #.# #.### #.. ..


You could see Harold.

Vanquished Creatures
  A hippogriff (D:7)
  An orc warrior (D:6)
  An ice beast (D:6)
  A sky beast (D:5)
  A centaur (D:6)
  4 bullfrogs
  A scorpion (D:6)
  A howler monkey (D:6)
  A crimson imp (D:7)
  2 hounds
  A bullfrog zombie (D:5)
  2 orc priests
  3 bullfrog skeletons
  A centaur skeleton (D:7)
  2 iguanas
  Terence (D:3)
  5 orc wizards
  7 worker ants
  Robin (D:3)
  10 gnolls (D:4)
  6 adders
  A shadow imp (D:5)
  An adder skeleton (D:6)
  A worm (D:2)
  2 dart slugs
  3 leopard geckos
  13 orcs
  5 giant cockroaches
  9 goblins
  2 hobgoblins
  8 jackals
  5 quokkas
  A ball python skeleton (D:4)
  7 bats
  5 frilled lizards
  A giant cockroach zombie (D:6)
  10 kobolds
  A leopard gecko zombie (D:5)
  2 quokka skeletons (D:4)
  A quokka zombie (D:5)
  6 rats
137 creatures vanquished.

Vanquished Creatures (collateral kills)
  A howler monkey (D:4)
  An orc wizard (D:6)
  A worker ant (D:4)
  A jackal (D:7)
  A quokka skeleton (D:4)
5 creatures vanquished.

Vanquished Creatures (others)
  A quokka (D:5)
  490 foxfires
491 creatures vanquished.

Grand Total: 633 creatures vanquished

Notes
Turn   | Place    | Note
-------+----------+-------------------------------------------
     0 | D:1      | Lauz the Deep Elf Fire Elementalist began the quest for the
                  | Orb.
     0 | D:1      | Reached XP level 1. HP: 10/10 MP: 6/6
   406 | D:1      | Reached XP level 2. HP: 15/15 MP: 5/8
  1069 | D:2      | Reached XP level 3. HP: 19/19 MP: 6/9
  1326 | D:2      | Found an iron altar of Okawaru.
  1663 | D:2      | Found a stormy altar of Qazlal.
  1716 | D:2      | Found a shimmering blue altar of Sif Muna.
  1723 | D:2      | Reached skill level 4 in Spellcasting
  1723 | D:2      | Reached XP level 4. HP: 24/24 MP: 8/12
  1732 | D:2      | Became a worshipper of Sif Muna the Loreminder
  1772 | D:2      | Found a shattered altar of Ashenzari.
  1772 | D:2      | Found an ornate altar of the Wu Jian Council.
  1959 | D:2      | Found a sparkling altar of Nemelex Xobeh.
  2325 | D:3      | Noticed Robin
  2332 | D:3      | Killed Robin
  2874 | D:3      | Found a glowing golden altar of the Shining One.
  2942 | D:3      | Noticed Terence
  3166 | D:3      | Reached XP level 5. HP: 15/28 MP: 4/14
  3403 | D:3      | Learned a level 1 spell: Animate Skeleton
  3541 | D:4      | Reached skill level 5 in Spellcasting
  3627 | D:4      | Reached * piety under Sif Muna
  3644 | D:4      | Reached skill level 5 in Fire Magic
  3776 | D:4      | Reached XP level 6. HP: 32/32 MP: 11/16
  4130 | D:3      | Killed Terence
  4244 | D:4      | Reached skill level 6 in Spellcasting
  4566 | D:4      | Got a pitted falchion
  4567 | D:4      | Identified the +10 falchion "Ynumom" {vamp, rC+++ Str+4}
                  | (You found it on level 4 of the Dungeon)
  4856 | D:5      | Entered Level 5 of the Dungeon
  4940 | D:5      | Found Distei's Distillery.
  5017 | D:4      | Reached skill level 1 in Necromancy
  5017 | D:4      | Reached XP level 7. HP: 24/36 MP: 14/18
  5316 | D:5      | Reached skill level 7 in Spellcasting
  5411 | D:5      | Found a white marble altar of Elyvilon.
  5468 | D:5      | Reached ** piety under Sif Muna
  5822 | D:6      | Reached skill level 8 in Spellcasting
  5941 | D:6      | Reached XP level 8. HP: 41/41 MP: 17/22
  6379 | D:6      | Found a staircase to the Ecumenical Temple.
  6585 | D:6      | Reached skill level 5 in Conjurations
  6639 | D:7      | Noticed Harold
  6666 | Temple   | Entered the Ecumenical Temple
  7293 | D:7      | Reached skill level 9 in Spellcasting
  7506 | D:7      | Noticed a hippogriff
  7611 | D:6      | Learned a level 4 spell: Sticky Flame
  7615 | D:6      | Learned a level 3 spell: Conjure Flame
  8117 | D:7      | Killed a hippogriff
  8192 | D:7      | Reached skill level 10 in Spellcasting
  8453 | D:7      | Killed from afar by Harold

Illustrated notes

Levels and vault maps discovered:
D:1:      dpeg_arrival_short_road, layout_basic, chequers_decorated_corner
D:2:      layout_loops_corners, kennysheep_okawaru_gauntlet,
          lemuel_doored_altar, gammafunk_temple_overflow_elements,
          lemuel_crystal_altar, first_ration, nemelex_diamond_rough_becter
D:3:      layout_basic, nicolae_tso_swordbearing_angel, uniq_robin, uniq_terence
D:4:      layout_loops_corners, minmay_manual_macuahuitl
D:5:      layout_rooms, elyvilon_altar_4, serial_shops, shop
D:6:      wad_pebble_path, layout_basic, minmay_temple_entry_ruins
D:7:      layout_loops_ring, gammafunk_temple_overflow_pools, kennysheep_dice,
          uniq_crazy_yiuf_cottage, uniq_harold, uniq_menkaure
Temple:   nicolae_temple_figure_zero

Skill      XL: |  1  2  3  4  5  6  7  8 |
---------------+-------------------------+-----
Fire Magic     | 4 5 6 7 |  7.6
Spellcasting   | 4 5 6 8 10 | 10.0
Conjurations   | 2 3 4 6 |  6.1
Necromancy     | 1 2 |  2.4
Long Blades    | |  0.2
Dodging        | |  2.6
Stealth        | |  2.7
Evocations     | |  0.1

Action                   |  1- 3 |  4- 6 |  7- 9 || total
-------------------------+-------+-------+-------++-------
Melee: Falchion          |       |       |     3 ||     3
 Cast: Foxfire           |    65 |   141 |   172 ||   378
       Animate Skeleton  |       |     8 |     4 ||    12
       Sticky Flame      |       |       |     4 ||     4
       Conjure Flame     |       |       |     2 ||     2
Evoke: Wand              |       |       |     1 ||     1
  Use: Scroll            |       |     6 |       ||     6
  Eat: Chunk             |     2 |     9 |    11 ||    22
Armor: Robe              |     3 |     3 |    10 ||    16
Dodge: Dodged            |    10 |    15 |    36 ||    61
       Rpst.: Falchion   |       |       |     4 ||     4
